 Dungeon Crawl Stone Soup version 0.29-a0-284-gf9362112df (webtiles) character file.

Game seed: 7292266060040031266

12367 siradein the Cleaver (level 11, -25/99 HPs)
             Began as a Hill Orc Monk on Mar 17, 2022.
             Was an Elder of Makhleb.
             Annihilated by a spriggan rider
             ... wielding a +0 spear
              (32 damage)
             ... on level 1 of the Lair of Beasts.
             The game lasted 00:28:13 (9907 turns).

siradein the Cleaver (Hill Orc Monk)                Turns: 9907, Time: 00:28:14

Health: -25/99     AC: 13    Str: 23    XL:     11   Next: 92%
Magic:  16/16      EV: 14    Int: 10    God:    Makhleb [****..]
Gold:   551        SH:  0    Dex: 15    Spells: 10/10 levels left

rFire   . . .      SeeInvis +   I - +3 battleaxe (venom)
rCold   . . .      Faith    .   (shield currently unavailable)
rNeg    . . .      Spirit   .   O - +0 swamp dragon scales
rPois   +          Reflect  .   w - +0 helmet
rElec   .          Harm     .   x - +0 cloak
rCorr   .          Rampage  .   P - +0 pair of gloves
Will    .....                   (no boots)
Stlth   +.........              f - amulet of regeneration
HPRegen 1.06/turn               i - ring of see invisible
MPRegen 0.15/turn               N - +6 ring of strength

@: no status effects
A: no striking features
a: Renounce Religion, Minor Destruction, Lesser Servant of Makhleb, Major
Destruction


You were on level 1 of the Lair of Beasts.
You worshipped Makhleb.
Makhleb was greatly pleased with you.
You visited 3 branches of the dungeon, and saw 13 of its levels.

You collected 551 gold pieces.

Inventory:

Hand Weapons
 H - a +3 halberd
 I - a +3 battleaxe of venom (weapon)
 L - a +0 longbow
 S - a +0 morningstar
Armour
 w - a +0 helmet (worn)
 x - a +0 cloak (worn)
 O - +0 swamp dragon scales (worn)
 P - a +0 pair of gloves (worn)
Jewellery
 f - an amulet of regeneration (around neck)
 i - a ring of see invisible (left hand)
 o - a ring of flight
 q - a ring of wizardry
 u - a ring of wizardry
 C - a ring of protection from cold
 E - an amulet of guardian spirit
 N - a +6 ring of strength (right hand)
Wands
 s - a wand of iceblast (15)
 G - a wand of digging (27)
 J - a wand of paralysis (23)
 R - a wand of polymorph (6)
Scrolls
 a - 3 scrolls of enchant armour
 b - 2 scrolls of blinking
 d - 4 scrolls of enchant weapon
 j - a scroll of brand weapon
 k - 2 scrolls of magic mapping
 m - a scroll of fear
 r - 2 scrolls of immolation {unknown}
 v - a scroll of amnesia {unknown}
 y - a scroll of vulnerability {unknown}
 A - a scroll of teleportation {unknown}
 B - a scroll of fog
Potions
 c - a potion of ambrosia
 e - a potion of heal wounds
 g - 6 potions of curing
 h - 2 potions of resistance {unknown}
 l - 2 potions of mutation {unknown}
 n - a potion of cancellation {unknown}
 p - 3 potions of berserk rage
 t - 2 potions of lignification
 z - a potion of might
 D - a potion of attraction {unknown}
 F - a potion of haste
 K - 2 potions of brilliance {unknown}
 M - a potion of invisibility {unknown}
 Q - 3 potions of flight {unknown}


   Skills:
 + Level 9.9 Fighting
 * Level 14.5 Axes
 + Level 8.4 Armour
 + Level 6.9 Dodging
 - Level 1.5 Stealth
 + Level 6.7 Invocations
 + Level 5.1 Evocations


You had 10 spell levels left.
You didn't know any spells.
Your spell library contained the following spells:

 Spells                   Type           Power      Damage    Failure   Level
 Apportation              Tloc           0%         N/A       50%         1
 Slow                     Hex            0%         N/A       50%         1
 Sting                    Tmut/Pois      0%         1d3       50%         1
 Ensorcelled Hibernation  Hex/Ice        0%         N/A       63%         2
 Poisonous Vapours        Pois/Air       0%         N/A       63%         2
 Call Canine Familiar     Summ           0%         N/A       86%         3
 Confusing Touch          Hex            0%         N/A       86%         3
 Portal Projectile        Hex/Tloc       0%         N/A       86%         3
 Spider Form              Tmut/Pois      0%         N/A       86%         3
 Vampiric Draining        Necr           0%         2d6       86%         3
 Anguish                  Hex/Necr       0%         N/A       99%         4
 Fulminant Prism          Conj/Hex       0%         3d6       99%         4
 Iskenderun's Mystic Bla  Conj/Tloc      0%         2d3       99%         4
 Leda's Liquefaction      Hex/Erth       0%         N/A       99%         4
 Olgreb's Toxic Radiance  Pois           0%         N/A       99%         4
 Alistair's Intoxication  Tmut/Pois      0%         N/A       100%        5
 Lee's Rapid Deconstruct  Erth           0%         3d5*      100%        5
 Summon Forest            Summ/Tloc      0%         N/A       100%        5
 Eringya's Noxious Bog    Tmut/Pois      0%         N/A       100%        6
 Summon Hydra             Summ           0%         N/A       100%        7


Dungeon Overview and Level Annotations

Branches:
Dungeon (11/15)            Temple (1/1) D:7            Lair (1/6) D:11
    Orc (0/2) D:9

Altars:
Ashenzari
Cheibriados
Dithmenos
Elyvilon
Fedhas
Gozag
Hepliaklqana
Kikubaaqudgha
Makhleb
Nemelex Xobeh
Okawaru
Qazlal
Ru
Sif Muna
Trog
Uskayaw
Vehumet
Wu Jian
Xom
Yredelemnul
Zin
The Shining One

Shops:
D:9 *

Annotations:
D:8 2 transporters, DrKleor's ghost, novice FoFi; Grum
D:11 Lodul


Message History

Things that are here:
a wolf corpse; a wolf corpse Unknown command.
The bullfrog hits you. The spriggan rider closely misses you.
You hear a howl!
Unknown command.
You hit the wolf.
The wolf looks as sick as possible!
The wolf is almost dead.
You slash the bullfrog!
You kill the bullfrog!
Makhleb accepts your kill.
You feel better.
You kill the wolf!
Makhleb accepts your kill.
You feel better.
The spriggan rider hits you from afar with a +0 spear!
The wolf bites you.
Unknown command.
The spriggan rider hits you from afar with a +0 spear!
The wolf completely misses you.
You hear a howl! x3
You completely miss the wolf.
The spriggan rider hits you from afar with a +0 spear!
The wolf bites you but does no damage. The wolf attacks as you move away!
The wolf closely misses you. The wolf bites you but does no damage.
The spriggan rider hits you but does no damage.
The wolf attacks as you move away! The wolf bites you but does no damage.
The wolf barely misses you. The spriggan rider closely misses you.
The wolf attacks as you move away! The wolf misses you.
The spriggan rider barely misses you. The wolf bites you but does no damage.
The wolf pauses to sniff the ground.
The wolf attacks as you move away! The wolf bites you.
The spriggan rider hits you from afar with a +0 spear!
The wolf misses you.
You hear a howl!
The spriggan rider hits you from afar with a +0 spear!!
* * * LOW HITPOINT WARNING * * *
The spriggan rider hits you from afar with a +0 spear!!
You die...

.# ...... .# ....... .#
#.....# #.# .###....# #######
#.. # .....# #.....# #.# .#
##.#.# #.###.# #.# #h# #.#.#
#.###.###### #..#.. #...#
#.##..Ph...# #.#.# #.#.#
#####....@hi...### #...#
#.P.###..##.#...h(...#.###.##
#...........#...(P(...F.††..#
#
###.##########..(.(...##†..##
.. #.# #.......####..###.#
..# ##.....## ##..#..# ####
#.##.## #......# #.....#
##...#.. #####.. #.### .


You could see a spriggan rider (berserk), a cane toad and 3 wolves.

Vanquished Creatures
  3 two-headed ogres
  Maggie (D:9)
  A komodo dragon (Lair:1)
  A shadow (D:10)
  2 wyverns (D:8)
  A wraith (D:9)
  Eustachio (D:6)
  A basilisk (D:11)
  4 steam dragons
  22 yaks
  Edmund (D:6)
  An acid dragon (D:9)
  2 water moccasins (D:7)
  2 orc warriors
  3 sky beasts
  A black bear (D:11)
  8 wolves (Lair:1)
  4 ogres
  2 centaurs
  4 phantoms
  2 kobold brigands
  5 bullfrogs
  A gnoll sergeant (D:11)
  3 scorpions
  9 wights
  5 killer bees (D:11)
  2 howler monkeys
  2 orc priests
  7 hounds
  2 jellies
  An iguana (D:5)
  8 orc wizards
  4 gnolls (D:11)
  11 adders
  2 shadow imps
  2 white imps
  An ufetubus (D:6)
  A worm (D:2)
  3 dart slugs
  36 orcs
  3 bats
  4 endoplasms
  3 giant cockroaches
  9 goblins
  10 hobgoblins
  5 jackals
  7 quokkas
  14 ball pythons
  3 frilled lizards
  9 kobolds
  6 rats
245 creatures vanquished.

Vanquished Creatures (collateral kills)
  A centaur warrior (D:11)
  A troll (D:11)
2 creatures vanquished.

Vanquished Creatures (others)
  2 orcs (D:9)
  2 kobolds (D:8)
  8 fungi (D:11)
  17 plants
29 creatures vanquished.

Grand Total: 276 creatures vanquished

Notes
Turn   | Place    | Note
-------+----------+-------------------------------------------
     0 | D:1      | siradein the Hill Orc Monk began the quest for the Orb.
     0 | D:1      | Reached XP level 1. HP: 19/19 MP: 1/1
   314 | D:1      | Reached XP level 2. HP: 24/27 MP: 2/2
   771 | D:1      | Reached skill level 1 in Armour
   966 | D:1      | Reached XP level 3. HP: 33/33 MP: 3/3
  1893 | D:2      | Found a faded altar of an unknown god.
  2024 | D:2      | Reached skill level 5 in Axes
  2024 | D:2      | Reached XP level 4. HP: 40/40 MP: 4/4
  2495 | D:3      | Noticed a kobold brigand
  2521 | D:3      | Killed a kobold brigand
  2522 | D:3      | Reached XP level 5. HP: 30/43 MP: 5/5
  2710 | D:3      | Reached skill level 6 in Axes
  2714 | D:3      | Reached XP level 6. HP: 49/53 MP: 6/6
  3192 | D:4      | Reached skill level 5 in Fighting
  3249 | D:4      | Reached skill level 7 in Axes
  3264 | D:4      | Found a snail-covered altar of Cheibriados.
  3291 | D:4      | Reached XP level 7. HP: 59/61 MP: 7/7
  3550 | D:4      | Found a shimmering altar of Xom.
  3838 | D:4      | Found a shimmering blue altar of Sif Muna.
  4108 | D:5      | Entered Level 5 of the Dungeon
  4171 | D:5      | Reached skill level 8 in Axes
  4297 | D:5      | Reached XP level 8. HP: 70/70 MP: 8/8
  4411 | D:5      | Found a blossoming altar of Fedhas.
  4846 | D:6      | Noticed Edmund
  4864 | D:6      | Killed Edmund
  4865 | D:6      | Reached skill level 9 in Axes
  4987 | D:6      | Noticed Eustachio
  5018 | D:6      | Killed Eustachio
  5091 | D:6      | Reached skill level 5 in Armour
  5122 | D:6      | Reached skill level 10 in Axes
  5122 | D:6      | Reached XP level 9. HP: 71/78 MP: 9/9
  5163 | D:6      | Found a glowing silver altar of Zin.
  5190 | D:6      | Found an opulent altar of Gozag.
  5414 | D:6      | Found a shadowy altar of Dithmenos.
  5539 | D:7      | Reached skill level 5 in Dodging
  5560 | D:7      | Found a sparkling altar of Nemelex Xobeh.
  5648 | D:7      | HP: 3/79 [poisoned by a water moccasin]
  5653 | D:7      | HP: 3/79 [poisoned by a water moccasin]
  5835 | D:7      | Found a staircase to the Ecumenical Temple.
  5840 | Temple   | Entered the Ecumenical Temple
  6302 | Temple   | Became a worshipper of Makhleb the Destroyer
  6302 | Temple   | Reached * piety under Makhleb
  6302 | Temple   | Reached ** piety under Makhleb
  6677 | D:7      | Reached skill level 11 in Axes
  6679 | D:7      | Found a stormy altar of Qazlal.
  6797 | D:7      | Reached skill level 1 in Invocations
  6932 | D:7      | Reached skill level 1 in Evocations
  7191 | D:8      | Found a transporter.
  7192 | D:8      | Noticed DrKleor's ghost (novice FoFi)
  7194 | D:8      | Found a transporter.
  7213 | D:8      | Identified the +3 buckler of the Sea {Rampage Str+6 Int+2}
  7217 | D:8      | Noticed Grum
  7351 | D:8      | Reached XP level 10. HP: 88/88 MP: 12/12
  7381 | D:8      | Found a hide-covered altar of Uskayaw.
  7539 | D:8      | Reached skill level 12 in Axes
  7611 | D:8      | Found a radiant altar of Vehumet.
  7934 | D:9      | Found a staircase to the Orcish Mines.
  8039 | D:9      | Noticed Maggie
  8044 | D:9      | Noticed a two-headed ogre
  8055 | D:9      | Killed a two-headed ogre
  8056 | D:9      | Killed Maggie
  8056 | D:9      | Reached *** piety under Makhleb
  8114 | D:9      | Found Nosehuk's Assorted Antiques.
  8315 | D:9      | Reached skill level 13 in Axes
  8500 | D:10     | Entered Level 10 of the Dungeon
  8526 | D:10     | Reached skill level 5 in Invocations
  8531 | D:10     | Reached XP level 11. HP: 92/97 MP: 14/14
  8714 | D:10     | Noticed a two-headed ogre
  8725 | D:10     | Killed a two-headed ogre
  8817 | D:10     | Found an ornate altar of the Wu Jian Council.
  8849 | D:10     | Found an iron altar of Okawaru.
  8903 | D:10     | Noticed a two-headed ogre
  8907 | D:10     | Killed a two-headed ogre
  9281 | D:11     | Noticed a two-headed ogre
  9292 | D:11     | Noticed Lodul
  9292 | D:11     | Noticed a two-headed ogre
  9297 | D:11     | Noticed a two-headed ogre
  9384 | D:11     | Noticed a centaur warrior
  9393 | D:11     | Killed a centaur warrior
  9394 | D:11     | Reached skill level 14 in Axes
  9495 | D:11     | Found a staircase to the Lair.
  9502 | Lair:1   | Entered Level 1 of the Lair of Beasts
  9615 | D:11     | Reached skill level 5 in Evocations
  9732 | D:11     | Reached **** piety under Makhleb
  9891 | Lair:1   | Noticed a spriggan rider
  9907 | Lair:1   | Annihilated by a spriggan rider

Illustrated notes

Levels and vault maps discovered:
D:1:      sevenhm_arrival_forest_fort_small_3, layout_basic
D:2:      layout_basic, ebering_ecumenical_altar_webs, skrybe_limestone_x,
          nicolae_concentric_dashed_squares_mild, kennysheep_generic_room_9
D:3:      layout_basic
D:4:      layout_basic, lemuel_crystal_altar, mainiacjoe_overflow_alcove_1,
          marbit_many_paths
D:5:      layout_cave_pools, fedhas_altar_fruit_tree
D:6:      layout_basic, mainiacjoe_overflow_cross_hatched,
          grunt_dithmenos_shadows, mainiacjoe_overflow_alcove_2, uniq_edmund,
          uniq_eustachio
D:7:      layout_gridville, mainiacjoe_overflow_alcove_4,
          nemelex_spade_bored_becter, minmay_temple_entry_arrows
D:8:      layout_rooms, nicolae_uskayaw_murder_on_the_dancefloor,
          mainiacjoe_overflow_chevrons, gammafunk_ghost_gnarly_gnolls,
          nicolae_elevator_lobby_plus, uniq_grum
D:9:      layout_cross, david_orc_2, serial_shops, shop, uniq_maggie
D:10:     layout_irregular_city, kennysheep_okawaru_gauntlet,
          nicolae_wu_jian_glorious_leap
D:11:     layout_gridville, grunt_lair_entry_orc_guard_hut, nooodl_orcs_dogs,
          uniq_lodul, uniq_nergalle
Temple:   jpeg_temple_island
Lair:1:   layout_loops_ring, minmay_holes, nicolae_lair_grove_arrangements,
          grunt_forest_large_clearings, lemuel_fruit_tree

Skill      XL: |  1  2  3  4  5  6  7  8  9 10 11 |
---------------+----------------------------------+-----
Armour         | 1 2 3 4 5 6 7 8 |  8.4
Fighting       | 4 5 6 8 9 |  9.9
Axes           | 5 6 7 8 10 11 13 14 | 14.5
Dodging        | 3 4 5 6 |  6.9
Invocations    | 2 5 6 |  6.7
Evocations     | 2 3 5 |  5.1
Stealth        | |  1.5

Action                   |  1- 3 |  4- 6 |  7- 9 | 10-12 || total
-------------------------+-------+-------+-------+-------++-------
Melee: Hand axe          |   166 |    62 |       |       ||   228
       War axe           |       |    68 |   300 |       ||   368
       Punch             |       |     2 |     7 |       ||     9
       Battleaxe         |       |       |    23 |   233 ||   256
       Halberd           |       |       |     1 |     1 ||     2
Invok: Minor Destruction |       |       |     1 |     5 ||     6
       Lesser Servant of |       |       |       |     1 ||     1
  Use: Scroll            |       |       |     5 |     5 ||    10
 Stab: Sleeping          |     1 |       |       |       ||     1
Armor: Robe              |    26 |       |       |       ||    26
       Scale mail        |    25 |    73 |    80 |       ||   178
       Chain mail        |       |       |    76 |    48 ||   124
       Swamp dragon scal |       |       |       |    58 ||    58
Dodge: Dodged            |   102 |    66 |   147 |   169 ||   484

Table legend: (Time is in decaauts)
 A = Elapsed time spent in this place.
 B = Non-inter-level travel time spent in this place.
 C = Inter-level travel time spent in this place.
 D = Time resting spent in this place.
 E = Time spent auto-exploring this place.
 F = Levels seen in this place.
 G = Mean time per level.
                   A        B        C        D        E       F      G
               +--------+--------+--------+--------+--------+-----+--------+
         Total |   9960 |   9720 |    240 |    471 |   6893 |  13 |  766.2 |
       Dungeon |   9299 |   9059 |    240 |    422 |   6413 |  11 |  845.4 |
        Temple |    498 |    498 |      0 |      0 |    428 |   1 |  498.0 |
          Lair |    162 |    162 |      0 |     49 |     52 |   1 |  162.0 |
               +--------+--------+--------+--------+--------+-----+--------+

Top non-repeatable levels by time:
     D:1: 1349 daAuts
     D:7: 1026 daAuts
     D:2: 1012 daAuts
     D:4: 983 daAuts
     D:6: 837 daAuts
    D:10: 829 daAuts
     D:8: 810 daAuts
     D:3: 793 daAuts
     D:9: 662 daAuts
     D:5: 624 daAuts
  Temple: 498 daAuts
    D:11: 372 daAuts
  Lair:1: 162 daAuts
